 Dungeon Crawl Stone Soup version 0.30.0-29-ga12c61a403 (webtiles) character file.

Game seed: 5356905253968203859

151 Fodor the Slasher (level 5, -2/46 HPs)
             Began as a Minotaur Fighter on June 12, 2023.
             Slain by a gnoll
             ... wielding a +0 spear
              (6 damage)
             ... on level 4 of the Dungeon.
             The game lasted 00:10:11 (2344 turns).

Fodor the Slasher (Minotaur Fighter)                Turns: 2344, Time: 00:10:12

Health: -2/46      AC:  9    Str: 21    XL:     5   Next: 11%
Magic:  0/0        EV:  8    Int:  5    God:
Gold:   76         SH:  0    Dex: 11    Spells: 4/4 levels left

rFire   . . .        a - +0 long sword
rCold   + . .        c - +0 buckler
rNeg    . . .        p - +0 chain mail
rPois   .            (helmet restricted)
rElec   .            m - scarf of the Unbearable God {shadows, Rampage rC+ Regen+ MP-9}
rCorr   .            (no gloves)
SInv    .            (no boots)
Will    .....        (no amulet) Stlth
                     (no ring)
HPRegen 1.07/turn    (no ring)
MPRegen 0.07/turn

%: rampage
@: confused
A: horns 2, retaliatory headbutt
a: no special abilities


You were on level 4 of the Dungeon.
You visited 1 branch of the dungeon, and saw 4 of its levels.

You collected 76 gold pieces.

Inventory:

Hand Weapons
 a - a +0 long sword (weapon)
 j - a +3 dagger
Missiles
 h - 2 poisoned darts (quivered)
 s - 5 boomerangs
Armour
 c - a +0 buckler (worn)
 m - the scarf of the Unbearable God (worn) {shadows, Rampage rC+ Regen+ MP-9}
   (You found it on level 4 of the Dungeon)

   rC:        It protects you from cold.
   MP:        It affects your magic capacity (-9).
   Regen:     It increases your rate of health regeneration.
   Rampage:   It bestows one free step when moving towards enemies.
 p - a +0 chain mail (worn)
Scrolls
 b - a scroll of immolation {unknown}
 e - 2 scrolls of fear {unknown}
 f - 2 scrolls of teleportation {unknown}
 g - a scroll of silence {unknown}
 i - a scroll of blinking {unknown}
 l - a scroll of identify {unknown}
 n - 2 scrolls of vulnerability {unknown}
Potions
 d - a potion of might
 k - 2 potions of heal wounds {unknown}
 o - 2 potions of mutation {unknown}
 q - a potion of resistance {unknown}
 r - a potion of lignification {unknown}
 t - a potion of berserk rage {unknown}


   Skills:
 + Level 4.2 Fighting
 + Level 5.1 Long Blades
 + Level 0.1 Throwing
 + Level 4.3 Armour
 + Level 0.4 Dodging
 + Level 0.1 Stealth
 + Level 4.0 Shields


You had 4 spell levels left.
You didn't know any spells.
Your spell library contained the following spells:

 Spells                   Type           Power      Damage    Failure   Level
 Freeze                   Ice            0%         1d3       99%         1
 Frozen Ramparts          Ice            0%         1d1       100%        3
 Hailstorm                Conj/Ice       0%         3d3       100%        3


Dungeon Overview and Level Annotations

Branches:
Dungeon (4/15)
 Temple: D:4-7

Altars:
Fedhas

Annotations:
D:4 Sigmund


Innate Abilities, Weirdness & Mutations

You have a pair of horns on your head.
You reflexively headbutt those who attack you in melee.


Message History

You barely miss the gnoll.
The gnoll is moderately wounded.
The gnoll closely misses you. The gnoll hits you with a +0 spear.
You hit the gnoll. Your headbutt misses the gnoll.
The gnoll is severely wounded.
The gnoll barely misses you. You block the gnoll's attack.
The gnoll hits you with a +0 spear.
The gnoll hits you from afar with a +0 spear.
Sigmund the Dreaded comes into view.
He is wielding a +1 scythe of flaming.
You hit the gnoll.
You kill the gnoll!
Sigmund hits you with a +1 scythe of flaming.
Sigmund burns you.
The gnoll hits you from afar with a +0 spear.
You rampage towards the gnoll!
You hit the gnoll. Your headbutt misses the gnoll.
The gnoll is moderately wounded.
The gnoll closely misses you. The gnoll hits you but does no damage.
Sigmund gestures at you while chanting.
You are confused.
You miss the gnoll.
The gnoll is moderately wounded.
The gnoll barely misses you. The gnoll hits you with a +0 spear.
Sigmund barely misses you.
You bump into the rock wall.
The gnoll hits you from afar with a +0 halberd.
You bump into the rock wall.
The giant cockroach completely misses you.
The gnoll hits you from afar with a +0 halberd.
The gnoll hits you with a +0 spear.
Sigmund hits you with a +1 scythe of flaming!
* * * LOW HITPOINT WARNING * * *
Sigmund burns you.
* * * LOW HITPOINT WARNING * * *
You bump into the rock wall.
The giant cockroach bites you.
* * * LOW HITPOINT WARNING * * *
The gnoll hits you from afar with a +0 halberd.
* * * LOW HITPOINT WARNING * * *
The gnoll hits you with a +0 spear.
You die...

.#...# .....
.... #...
#...##
.$#.#.#@#####.
......B@.g....
#.#.#.#g######
#...## ##.# #.
##


You could see Sigmund, 2 gnolls and a giant cockroach.

Vanquished Creatures
  An iguana (D:4)
  2 adders (D:2)
  4 gnolls
  A worm (D:3)
  2 dart slugs
  An orc (D:3)
  6 ball pythons
  4 endoplasms
  2 giant cockroaches
  5 hobgoblins
  3 quokkas
  3 bats
  14 frilled lizards
  4 goblins
  4 kobolds
  10 rats
66 creatures vanquished.

Notes
Turn   | Place    | Note
-------+----------+-------------------------------------------
     0 | D:1      | Fodor the Minotaur Fighter began the quest for the Orb.
     0 | D:1      | Reached XP level 1. HP: 19/19 MP: 0/0
   160 | D:1      | Reached XP level 2. HP: 27/27 MP: 1/1
   352 | D:1      | Reached skill level 3 in Long Blades
   663 | D:2      | Reached XP level 3. HP: 33/33 MP: 2/2
   938 | D:2      | You fall into a shaft and drop 2 floors!
   941 | D:4      | Identified the scarf of the Unbearable God {shadows,
                  | Rampage rC+ Regen+ MP-9}
   979 | D:4      | Reached skill level 4 in Long Blades
   979 | D:4      | Reached XP level 4. HP: 12/40 MP: 0/3
  1533 | D:3      | Found a blossoming altar of Fedhas.
  1805 | D:3      | Reached skill level 5 in Long Blades
  1827 | D:3      | Found a faded altar of an unknown god.
  1849 | D:3      | Reached XP level 5. HP: 46/46 MP: 0/4
  2338 | D:4      | Noticed Sigmund
  2344 | D:4      | Slain by a gnoll

Illustrated notes

Levels and vault maps discovered:
D:1:      tarquinn_simple_flora_water_f, layout_basic
D:2:      layout_basic, minmay_heptomino_w4
D:3:      layout_basic, mainiacjoe_overflow_six_doors_small,
          shapermc_ecumenical_altar_acropolis, minmay_lizard_king
D:4:      black_bear_nest_2, layout_loops_ring, uniq_sigmund

Skill      XL: |  1  2  3  4 |
---------------+-------------+-----
Armour         | 4 |  4.3
Long Blades    | 3 4 5 |  5.1
Fighting       | 4 |  4.2
Shields        | 4 |  4.0
Throwing       | |  0.1
Dodging        | |  0.4
Stealth        | |  0.1

Action                     |  1- 3 |  4- 6 || total
---------------------------+-------+-------++-------
  Melee: Long sword        |    72 |    61 ||   133
         Headbutt          |     7 |    10 ||    17
  Throw: Stone             |     6 |       ||     6
         Dart              |     2 |       ||     2
 Armour: Scale mail        |    19 |     7 ||    26
         Chain mail        |       |    15 ||    15
  Dodge: Dodged            |    35 |    36 ||    71
  Block: Buckler           |    10 |    12 ||    22
